 Dungeon Crawl Stone Soup version 0.19-a0-1097-g38e3b35 (webtiles) character file.

18895 epen the Archer (level 12, 43/63 HPs)
             Began as a Spriggan Hunter on Aug 8, 2016.
             Was an Initiate of Gozag.
             Quit the game in a bailey.
             The game lasted 00:39:25 (20292 turns).

epen the Archer (Spriggan Hunter)                  Turns: 20292, Time: 00:39:26

Health: 43/63      AC: 13    Str:  8    XL:     12   Next: 31%
Magic:  19/19      EV: 28    Int: 13    God:    Gozag
Gold:   1966       SH:  3    Dex: 21    Spells: 0 memorised, 19 levels left

rFire  . . .     SeeInvis +     P - +1 short sword (protect)
rCold  . . .     Gourm    .     D - +2 robe {MR+}
rNeg   . . .     Faith    .     (shield restricted)
rPois  +         Spirit   .     y - +1 hat
rElec  .         Dismiss  .     q - +2 cloak
rCorr  .         Reflect  +     (gloves unavailable)
SustAt .         Harm     .     (boots unavailable)
MR     ++++.                    A - +3 amulet of reflection
Stlth  ++++++....               C - ring of poison resistance
                                B - ring of protection from magic

@: drained, very quick
A: unfitting armour, see invisible, herbivore 3, speed 3, slow metabolism 2
a: Potion Petition, Call Merchant, Bribe Branch, Renounce Religion


You were in a bailey.
You worshipped Gozag.
Gozag was most pleased with you.
You were not hungry.

You visited 2 branches of the dungeon, and saw 14 of its levels.
You also visited: Bailey.

You collected 2132 gold pieces.
You spent 63 gold pieces at shops.
You paid 103 gold pieces to Gozag.

Inventory:

Hand Weapons
 P - a +1 short sword of protection (weapon)
 Q - a +1 shortbow of velocity
 R - a +0 shortbow of flaming
Missiles
 d - an arrow
Armour
 c - a +0 robe
 q - a +2 cloak (worn)
 y - a +1 hat (worn)
 D - a +2 robe of magic resistance (worn)
Jewellery
 A - a +3 amulet of reflection (around neck)
 B - a ring of protection from magic (left hand)
 C - a ring of poison resistance (right hand)
 M - an uncursed ring of see invisible
 N - an uncursed amulet of dismissal
 S - an uncursed amulet of guardian spirit {unknown}
 V - an uncursed amulet of harm
Wands
 r - a wand of lightning (0/15)
 t - a wand of slowing (39/48)
 H - a wand of flame (26/48)
 I - a wand of disintegration (11/24)
Scrolls
 m - 6 scrolls of remove curse
 n - a scroll of fear
 o - 4 scrolls of immolation
 p - a scroll of enchant weapon
 x - 3 scrolls of amnesia
 F - 4 scrolls of magic mapping
 G - 2 scrolls of identify
 J - 3 scrolls of teleportation
 T - a scroll of recharging
Potions
 a - a potion of berserk rage
 e - 2 potions of invisibility
 g - 2 potions of flight
 h - 2 potions of heal wounds
 i - a potion of lignification
 j - a potion of agility
 k - a potion of ambrosia
 l - 3 potions of might
 s - 2 potions of brilliance
 u - 2 potions of cancellation
 w - a potion of cure mutation
 E - 6 potions of curing
Books
 v - a book of the Earth

   Spells                             Type                      Level
   a - Leda's Liquefaction            Hexes/Earth                  4
   b - Bolt of Magma                  Conjuration/Fire/Earth       5
   c - Statue Form                    Transmutation/Earth          6
   d - Iron Shot                      Conjuration/Earth            6
   e - Shatter                        Earth                        9
 L - a book of Frost

   Spells                             Type                      Level
   a - Freeze                         Ice                          1
   b - Throw Frost                    Conjuration/Ice              2
   c - Ozocubu's Armour               Charms/Ice                   3
   d - Throw Icicle                   Conjuration/Ice              4
   e - Summon Ice Beast               Ice/Summoning                4
 O - a book of Beasts

   Spells                             Type                      Level
   a - Summon Butterflies             Summoning                    1
   b - Call Canine Familiar           Summoning                    3
   c - Summon Ice Beast               Ice/Summoning                4
   d - Summon Mana Viper              Hexes/Summoning              5
   e - Summon Hydra                   Summoning                    7
 U - a book of Enchantments

   Spells                             Type                      Level
   a - Cause Fear                     Hexes                        4
   b - Yara's Violent Unravelling     Hexes/Transmutation          5
   c - Silence                        Hexes/Air                    5
   d - Deflect Missiles               Charms/Air                   6
   e - Haste                          Charms                       6
   f - Discord                        Hexes                        8
Miscellaneous
 K - a sack of spiders
Comestibles
 b - 9 slices of pizza
 f - 5 bread rations
 z - 9 fruits


   Skills:
 + Level 7.2(6.1) Fighting
 + Level 6.4(5.3) Short Blades
 * Level 14.2(12.8) Bows
 + Level 11.8(10.5) Dodging
 + Level 12.0(10.7) Stealth
 - Level 4.2(3.1) Spellcasting
 - Level 8.0(6.8) Evocations


You had 19 spell levels left.
You didn't know any spells.

Dungeon Overview and Level Annotations

Branches:
Dungeon (13/15)            Temple (1/1) D:5            Lair (0/6) D:9
    Orc (0/2) D:12
 Vaults: D:13-14

Altars:
Ashenzari
Cheibriados
Dithmenos
Elyvilon
Fedhas
Gozag
Hepliaklqana
Kikubaaqudgha
Makhleb
Nemelex Xobeh
Okawaru
Pakellas
Qazlal
Ru
Sif Muna
Trog
Uskayaw
Vehumet
Xom
Yredelemnul
Zin
The Shining One
Lugonu

Shops:
D:4 %   D:6 [   D:7 *   D:8 %   D:9 [[   D:11 !


Innate Abilities, Weirdness & Mutations

You are tiny and cannot use many weapons and most armour.
You have supernaturally acute eyesight. (SInv)
You are a herbivore.
You cover ground extremely quickly.
You need consume almost no food.


Message History

The orc warrior no longer looks unusually strong.
The orc knight hits you from afar with a glaive!
The orc warrior completely misses you. The orc completely misses you.
The orc misses you. The orc misses you. The orc misses you.
The orc warrior closely misses you.
You open the door. 2 orc warriors come into view.
The orc warrior closely misses you.
Found a potion of curing.
An orc knight comes into view. It is wielding a glaive.
Found 449 gold pieces, a potion of curing and a runed ring mail.
There is an open door here.
The orc warrior hits you from afar with a halberd!
The orc hits you but does no damage. You block the orc's attack.
You block the orc's attack. The orc misses you.
Are you sure you want to abandon this character and quit the game? (Confirm with "yes".)

## ### ##o#
#########∩#########
#...##.....##...##.....##
#!..#..≈≈≈..#...#..≈≈≈..#
#...#.≈≈o≈≈.......≈≈$≈≈.#
#o..'.≈.oo≈.......≈oo.≈.+
#$..#.≈≈o≈≈.@.....≈≈(≈≈.#
#!..#..≈≈≈..#...#..≈≈≈..#
#[..##.....##(∩.##.....##
##o# #########∩#########
## ###


You could see an orc knight, 2 orc warriors and 2 orcs.

Vanquished Creatures
  Rupert (D:12)
  Urug (D:11)
  The ghost of Charly the Basher, a novice KoBe of Trog (Bailey)
  Pikel (D:5)
  4 hill giants
  3 ugly things
  3 cyclopes (D:12)
  A deep elf mage (D:12)
  Maurice (D:9)
  3 trolls
  4 slime creatures (D:12)
  Sigmund (D:5)
  A spriggan (D:10)
  3 wyverns
  A vampire (D:9)
  5 yaks (D:9)
  2 hippogriffs
  3 wargs (D:12)
  Edmund (D:5)
  2 water moccasins
  7 orc warriors
  A wasp (D:9)
  An ice beast (D:6)
  3 phantoms
  4 sky beasts
  An eye of draining (D:10)
  6 ogres
  8 centaurs
  3 crocodiles
  8 giant frogs
  2 big kobolds (D:12)
  A wyvern skeleton (D:11)
  4 scorpions
  14 killer bees
  4 wights (D:11)
  2 howler monkeys
  5 crimson imps
  A centaur zombie (D:5)
  A giant frog zombie (D:5)
  A quasit (D:9)
  3 orc priests
  2 centaur skeletons
  7 hounds
  2 jellies
  5 iguanas
  Ijyb (D:2)
  9 orc wizards
  9 worker ants
  A killer bee zombie (D:4)
  2 sheep (D:12)
  2 hound zombies
  3 hound skeletons
  A howler monkey zombie (D:9)
  11 adders
  A gnoll (D:4)
  A howler monkey skeleton (D:4)
  A shadow imp (D:9)
  2 oozes
  3 adder skeletons
  A worm (D:6)
  2 dart slugs (D:4)
  5 giant geckos
  32 orcs
  5 bats
  6 giant cockroaches
  3 hobgoblins
  14 jackals
  4 quokkas
  3 ball pythons
  A giant gecko zombie (D:7)
  7 giant newts
  9 goblins
  13 kobolds
  A quokka skeleton (D:7)
  A quokka zombie (D:9)
  4 rats
296 creatures vanquished.

Vanquished Creatures (others)
  A slave (D:5)
  An ogre (D:5)
  A scorpion (D:5)
  An adder (D:5)
  A giant gecko (D:6)
  An orc (D:5)
6 creatures vanquished.

Grand Total: 302 creatures vanquished

Notes
Turn   | Place    | Note
-------+----------+-------------------------------------------
     0 | D:1      | epen the Spriggan Hunter began the quest for the Orb.
     0 | D:1      | Reached XP level 1. HP: 10/10 MP: 2/2
    43 | D:1      | Reached skill level 5 in Bows
   436 | D:1      | Reached XP level 2. HP: 15/15 MP: 3/3
   877 | D:2      | Reached XP level 3. HP: 18/18 MP: 4/4
   891 | D:2      | Noticed Ijyb
   930 | D:2      | Killed Ijyb
  1213 | D:2      | Reached XP level 4. HP: 23/23 MP: 5/5
  2195 | D:3      | Found a white marble altar of Elyvilon.
  2195 | D:3      | Found a glowing silver altar of Zin.
  2196 | D:3      | Found a glowing golden altar of the Shining One.
  2645 | D:4      | Reached skill level 6 in Bows
  2762 | D:4      | Found Bolyesatuf's Food Emporium.
  2777 | D:4      | Found a shattered altar of Ashenzari.
  2888 | D:4      | Noticed an orc warrior
  2990 | D:4      | Killed an orc warrior
  2990 | D:4      | Reached skill level 5 in Dodging
  2990 | D:4      | Reached XP level 5. HP: 26/27 MP: 6/6
  3078 | D:4      | Noticed an ogre
  3085 | D:4      | HEY
  3085 | D:4      | U
  3112 | D:4      | Killed an ogre
  3112 | D:4      | Reached XP level 6. HP: 31/32 MP: 7/7
  3349 | D:4      | Reached skill level 7 in Bows
  4023 | D:4      | Found a stormy altar of Qazlal.
  4023 | D:4      | Found a snail-covered altar of Cheibriados.
  4504 | D:4      | Found a bloodstained altar of Trog.
  4507 | D:4      | Found an iron altar of Okawaru.
  4722 | D:5      | Entered Level 5 of the Dungeon
  4853 | D:4      | Reached XP level 7. HP: 12/36 MP: 8/8
  5216 | D:5      | Reached skill level 5 in Stealth
  5613 | D:5      | Reached skill level 8 in Bows
  5668 | D:5      | Reached skill level 1 in Evocations
  5746 | D:5      | Noticed Sigmund
  5775 | D:5      | Killed Sigmund
  5866 | D:5      | Noticed Edmund
  5893 | D:5      | Reached XP level 8. HP: 17/40 MP: 10/10
  6063 | D:5      | Found a staircase to the Ecumenical Temple.
  6069 | Temple   | Entered the Ecumenical Temple
  6340 | D:5      | Noticed Pikel
  6366 | D:5      | Killed Edmund
  6518 | D:5      | Killed Pikel
  6518 | D:5      | Reached skill level 9 in Bows
  7302 | D:6      | Reached XP level 9. HP: 46/46 MP: 13/13
  7317 | D:6      | Found Ypuidd's Antique Armour Shoppe.
  7498 | D:6      | Bought a glowing robe for 18 gold pieces
  7721 | D:6      | Reached skill level 10 in Bows
  8019 | D:6      | Found a hide-covered altar of Uskayaw.
  8104 | D:6      | Found a snail-covered altar of Cheibriados.
  8329 | D:7      | Found Gozag's Platinum Reserve.
  8336 | D:7      | Found an opulent altar of Gozag.
  8359 | D:7      | Became a worshipper of Gozag Ym Sagoz the Greedy
  8394 | D:7      | Found a sparkling altar of Nemelex Xobeh.
  8457 | D:7      | Reached skill level 5 in Evocations
  8928 | D:7      | Found a basalt altar of Yredelemnul.
  8933 | D:7      | Found a hazy altar of Hepliaklqana.
  8997 | D:7      | Reached skill level 1 in Spellcasting
  9699 | D:8      | Reached skill level 5 in Fighting
  9937 | D:8      | Found Lidd's Food Shoppe.
 10212 | D:9      | Found Qotoefuys's Antique Armour Boutique.
 10367 | D:9      | Reached skill level 1 in Short Blades
 10367 | D:9      | Reached skill level 11 in Bows
 10499 | D:9      | Noticed Maurice
 11237 | D:9      | Found Lytapheh's Antique Armour Emporium.
 11540 | D:9      | Noticed a hill giant
 11629 | D:9      | Killed a hill giant
 11629 | D:9      | Reached XP level 10. HP: 51/51 MP: 15/15
 11717 | D:9      | Found a staircase to the Lair.
 13662 | D:9      | Killed Maurice
 13662 | D:9      | Reached skill level 12 in Bows
 13703 | D:10     | Entered Level 10 of the Dungeon
 13851 | D:10     | Noticed a hill giant
 13976 | D:9      | Killed a hill giant
 13976 | D:9      | Reached skill level 10 in Stealth
 14895 | D:10     | Reached XP level 11. HP: 56/56 MP: 18/18
 14901 | D:10     | Reached skill level 10 in Dodging
 15213 | D:11     | Found Voqoduen's Distillery.
 15223 | D:11     | Bought a potion of curing for 45 gold pieces
 15727 | D:11     | Noticed Urug
 16090 | D:11     | Noticed a white ugly thing
 16116 | D:11     | Noticed a cyan ugly thing
 16292 | D:11     | Killed a white ugly thing
 16555 | D:11     | Killed Urug
 16977 | D:11     | Killed a green ugly thing
 16977 | D:11     | Reached skill level 13 in Bows
 17512 | D:12     | Noticed a hill giant
 17522 | D:12     | Killed a hill giant
 17522 | D:12     | Reached skill level 5 in Short Blades
 18245 | D:12     | Noticed Rupert
 18515 | D:12     | Killed Rupert
 18515 | D:12     | Reached XP level 12. HP: 28/62 MP: 19/19
 18945 | D:12     | Found a staircase to the Orcish Mines.
 19000 | D:12     | Reached skill level 14 in Bows
 19886 | D:13     | Found a flagged portal.
 19952 | Bailey   | Entered a bailey
 19952 | Bailey   | Noticed Charly's ghost (novice KoBe)
 20079 | Bailey   | Killed Charly's ghost
 20292 | Bailey   | Quit the game

Vault maps used:
D:1:      saegor_arrival_miasma
D:2:      uniq_iyjb
D:3:      good_gods_mini_temple
D:4:      grunt_temple_overflow_bloody_war, lemuel_crystal_altar,
          gammafunk_temple_overflow_elements, serial_bayou,
          serial_bayou_shore_a, serial_bayou_ford_a, serial_bayou_lagoon_a,
          serial_bayou_crossing, serial_shops, shop, first_bread,
          minmay_strange_pillars
D:5:      grunt_ministairs_14, uniq_sigmund, uniq_pikel, uniq_edmund
D:6:      eat_drink_and_be_merry_uskayaw, serial_shops, shop,
          cheibrodos_worm_habitat
D:7:      nicolae_gozag_zags_fifth_avenue, kennysheep_mini, minitemple
D:8:      serial_shops, nicolae_shop_temple_entry_statues_fountains
D:9:      lair_0_dummy, serial_shops, nicolae_shop_competitors_out_of_business,
          shop, uniq_maurice
D:10:     grunt_pizzeria
D:11:     serial_shops, shop, uniq_urug
D:12:     minmay_orc_entry_guard_dogs, grunt_decor_cap,
          minmay_tree_intersection, uniq_rupert
D:13:     nicolae_trove_entry_path_of_doom, enter_bailey_2
Temple:   corrupted_temple
Bailey:   bailey_polearm_4, bailey

Skill      XL: |  1  2  3  4  5  6  7  8  9 10 11 12 |
---------------+-------------------------------------+-----
Bows           | 5 6 7 8 9 11 12 13 14 | 14.2
Stealth        | 2 3 4 6 7 9 10 11 12 | 12.0
Fighting       | 2 3 4 5 6 7 |  7.2
Dodging        | 4 5 6 8 9 11 | 11.8
Evocations     | 1 4 6 7 8 |  8.0
Spellcasting   | 2 4 |  4.2
Short Blades   | 1 3 5 6 |  6.4

Action                   |  1- 3 |  4- 6 |  7- 9 | 10-12 || total
-------------------------+-------+-------+-------+-------++-------
Melee: Short sword       |    94 |   250 |   411 |   345 ||  1100
 Fire: Shortbow          |    16 |    74 |   462 |  1043 ||  1595
Evoke: Wand              |       |       |       |     7 ||     7
  Use: Scroll            |       |       |    16 |     4 ||    20
       Potion            |       |       |     1 |     2 ||     3
 Stab: Sleeping          |     4 |     7 |     9 |     5 ||    25
       Distracted        |       |       |       |     2 ||     2
  Eat: Bread ration      |       |     1 |       |     1 ||     2
       Royal jelly       |       |       |     1 |     2 ||     3
Armor: Robe              |     5 |    38 |    51 |    43 ||   137
Dodge: Dodged            |    87 |   317 |   520 |   408 ||  1332
Block: Other             |       |       |    49 |    60 ||   109
       Reflection        |       |       |     6 |     1 ||     7
